 Dungeon Crawl Stone Soup version 0.21.1-1-g345015fe64 (webtiles) character file.

106 Naru the Bolt Thrower (level 5, 0/31 HPs)
             Began as a Kobold Hunter on June 16, 2018.
             Was an Initiate of Okawaru.
             Slain by an adder (5 damage)
             ... on level 3 of the Dungeon.
             The game lasted 00:04:37 (2134 turns).

Naru the Bolt Thrower (Kobold Hunter)               Turns: 2134, Time: 00:04:39

Health: 0/31       AC:  4    Str: 10    XL:     5   Next: 10%
Magic:  5/5        EV: 15    Int: 12    God:    Okawaru [......]
Gold:   100        SH:  0    Dex: 16    Spells: 4/4 levels left

rFire    . . .     SeeInvis .   b - +0 short sword
rCold    . . .     Gourm    .   (shield restricted)
rNeg     . . .     Faith    .   c - +0 leather armour
rPois    .         Spirit   .   (no helmet)
rElec    .         Reflect  .   (no cloak)
rCorr    .         Harm     .   (no gloves)
MR       .....                  l - +0 pair of boots
Stlth    +++.......             (no amulet)
HPRegen  0.10/turn              p - ring of stealth
MPRegen  0.09/turn              (no ring)

@: lethally poisoned (0 -> -10)
A: small, carnivore
a: Renounce Religion


You were on level 3 of the Dungeon.
You worshipped Okawaru.
Okawaru was noncommittal.
You were not hungry.

You visited 1 branch of the dungeon, and saw 3 of its levels.

You collected 100 gold pieces.

Inventory:

Hand Weapons
 a - a +2 hand crossbow
 b - a +0 short sword (weapon)
Missiles
 d - 4 bolts
 g - 113 arrows
 m - 2 curare-tipped needles
Armour
 c - a +0 leather armour (worn)
 l - a +0 pair of boots (worn)
Jewellery
 p - a ring of stealth (left hand)
Potions
 e - 3 potions of might
 h - 2 potions of flight
 i - a potion of curing {unknown}
 j - 2 potions of heal wounds {unknown}
 n - 2 potions of agility
 o - a potion of ambrosia {unknown}
Comestibles
 f - 8 rations


   Skills:
 * Level 2.7 Fighting
 * Level 6.5 Crossbows
 + Level 0.3 Armour
 * Level 2.9 Dodging
 * Level 2.3 Stealth


You had 4 spell levels left.
You didn't know any spells.

Dungeon Overview and Level Annotations

Branches:
Dungeon (3/15)

Altars:
Okawaru
Qazlal
Uskayaw
Wu Jian


Innate Abilities, Weirdness & Mutations

You are small and have problems with some larger weapons.
You are carnivorous and can eat meat at any time.


Message History

The adder is heavily wounded.
The adder barely misses you. The adder misses you.
The adder bites you but does no damage.
You closely miss the adder.
The adder is heavily wounded.
You feel sick. The adder bites you. The adder closely misses you.
The adder bites you but does no damage.
You completely miss the adder.
The adder is heavily wounded.
The adder barely misses you. The adder bites you.
You are lethally poisoned!
The adder poisons you! The adder bites you.
* * * LOW HITPOINT WARNING * * *
You hit the adder but do no damage.
The adder is heavily wounded.
* * * LOW HITPOINT WARNING * * *
You feel sick. The adder bites you.
* * * LOW HITPOINT WARNING * * *
The adder bites you.
You die...

#.#.####.####.#
#.#.#.........#...........
#.#...........#........../
#.#.#.###..##.#...........
#.#.#<........#..g........
#.#.##.###.#..#........$..
#.#...........#b.........
#.####.###....#S##..)#####
......<.........@Sh..'....
..####.....#..#.##...#####
..........##..#.##...#
#.............#.##...#
##........###.#.##...#
#........# #...##...#
########## #...##...#
#...#....+ ....#


You could see 2 adders, a jackal and a bat.

Vanquished Creatures
  An adder (D:2)
  3 oozes
  A dart slug (D:1)
  2 leopard geckos
  6 orcs
  5 bats
  2 giant cockroaches
  9 hobgoblins
  12 jackals
  2 ball pythons
  4 frilled lizards (D:1)
  8 goblins
  6 kobolds
  6 rats
67 creatures vanquished.

Notes
Turn   | Place    | Note
-------+----------+-------------------------------------------
     0 | D:1      | Naru the Kobold Hunter began the quest for the Orb.
     0 | D:1      | Reached XP level 1. HP: 12/12 MP: 1/1
    45 | D:1      | Reached skill level 5 in Crossbows
    46 | D:1      | Reached XP level 2. HP: 17/17 MP: 2/2
   169 | D:1      | Reached XP level 3. HP: 22/22 MP: 3/3
   740 | D:1      | Reached skill level 6 in Crossbows
   754 | D:1      | Reached XP level 4. HP: 22/27 MP: 4/4
   929 | D:2      | Found a hide-covered altar of Uskayaw.
  1169 | D:2      | Found an iron altar of Okawaru.
  1176 | D:2      | Became a worshipper of Warmaster Okawaru
  1239 | D:2      | Found an ornate altar of the Wu Jian Council.
  1346 | D:2      | Found a stormy altar of Qazlal.
  1774 | D:3      | Reached XP level 5. HP: 12/31 MP: 5/5
  2134 | D:3      | Slain by an adder

Skill      XL: |  1  2  3 |
---------------+----------+-----
Crossbows      | 5 6 |  6.5
Stealth        | 2 |  2.3
Fighting       | |  2.7
Armour         | |  0.3
Dodging        | |  2.9

Action                   |  1- 3 |  4- 6 || total
-------------------------+-------+-------++-------
Melee: Short sword       |     8 |   110 ||   118
 Fire: Hand crossbow     |    74 |    28 ||   102
  Use: Scroll            |       |     6 ||     6
 Stab: Sleeping          |       |     1 ||     1
  Eat: Chunk             |     1 |     6 ||     7
Armor: Leather armour    |     9 |    20 ||    29
Dodge: Dodged            |    30 |    92 ||   122
